 Dungeon Crawl Stone Soup version 0.23.2-33-g5129a83184 (webtiles) character file.

Game seed: 1580652295107534653

340 MalarOregon the Digger (level 6, -2/45 HPs)
             Began as a Ghoul Earth Elementalist on July 15, 2019.
             Slain by an ice beast (3 damage)
             ... on level 4 of the Dungeon.
             The game lasted 00:09:24 (4279 turns).

MalarOregon the Digger (Ghoul Earth Elementalist)   Turns: 4279, Time: 00:09:24

Health: -2/45      AC:  4    Str: 12    XL:     6   Next: 56%
Magic:  2/9        EV: 12    Int: 12    God:
Gold:   167        SH:  0    Dex:  9    Spells: 1/11 levels left

rFire    . . .     SeeInvis .   w - +0 dire flail
rCold    + . .     Gourm    .   (shield currently unavailable)
rNeg     + + +     Faith    .   c - +0 robe
rPois    ∞         Spirit   .   r - +0 helmet
rElec    .         Reflect  .   (no cloak)
rCorr    .         Harm     .   (no gloves)
MR       .....                  h - +0 pair of boots
Stlth    ++........             (no amulet)
HPRegen  0.00/turn              (no ring)
MPRegen  0.11/turn              (no ring)

@: rotting
A: rotting body, claws 1, carnivore, cold resistance 1, negative energy
resistance 3, inhibited regeneration, torment resistance, unbreathing
a: no special abilities


You were on level 4 of the Dungeon.
You were not hungry.

You visited 1 branch of the dungeon, and saw 5 of its levels.

You collected 167 gold pieces.

Inventory:

Hand Weapons
 w - a +0 dire flail (weapon)
   (You found it on level 4 of the Dungeon)
Missiles
 b - 51 stones (quivered)
Armour
 c - a +0 robe (worn)
 h - a +0 pair of boots (worn)
   (You found it on level 1 of the Dungeon)
 r - a +0 helmet (worn)
   (You found it on level 5 of the Dungeon)
Scrolls
 a - 2 scrolls of teleportation {unknown}
 d - 3 scrolls of remove curse {unknown}
 f - 3 scrolls of identify {unknown}
 j - a scroll of blinking {unknown}
 s - 2 scrolls of magic mapping {unknown}
 t - a scroll of fog {unknown}
 v - a scroll of enchant armour {unknown}
Potions
 g - a potion of brilliance {unknown}
 i - a potion of degeneration {unknown}
 k - 2 potions of flight {unknown}
 l - a potion of haste {unknown}
 m - 3 potions of curing {unknown}
 n - 4 potions of heal wounds {unknown}
 o - a potion of lignification {unknown}
 p - a potion of resistance {unknown}
 q - 2 potions of agility {unknown}
Comestibles
 e - 10 rations {!d}


   Skills:
 - Level 1.7 Dodging
 - Level 2.1 Stealth
 + Level 3.2 Spellcasting
 + Level 3.2 Conjurations
 - Level 1.0 Transmutations
 - Level 5.0 Earth Magic


You had one spell level left.
You knew the following spells:

 Your Spells              Type           Power        Failure   Level  Hunger
a - Sandblast             Erth           ##....       3%          1    #......
b - Petrify               Tmut/Erth      #.......     56%         4    #####..
q - Passwall              Tmut/Erth      #.......     11%         2    ###....
x - Stone Arrow           Conj/Erth      ##....       13%         3    ###....

Your spell library contained the following spells:

 Spells                   Type           Power        Failure   Level  Hunger
 Lee's Rapid Deconstruct  Erth           ##........   63%         5    ######.


Dungeon Overview and Level Annotations

Branches:
Dungeon (5/15)
 Temple: D:4-7

Altars:
Nemelex Xobeh
Sif Muna


Innate Abilities, Weirdness & Mutations

Your body is rotting away.
You thrive on raw meat.
You are immune to poison.
You have sharp fingernails.
You are carnivorous and can eat meat at any time.
Your flesh is cold resistant. (rC+)
You are immune to negative energy. (rN+++)
You do not regenerate when monsters are visible.
You are immune to unholy pain and torment.
You can survive without breathing.


Message History

The ice beast hits you but does no damage.
The leopard gecko barely misses you. The orc hits you with a +0 short sword.
The orc wizard points at you and mumbles some strange words.
The puff of frost misses you.
The orc shouts!
You climb upwards.
There is a stone staircase leading down here.
The leopard gecko barely misses you. The orc barely misses you.
Aim: a leopard gecko (clinging)
The blast of sand hits the leopard gecko!
You kill the leopard gecko!
b - 51 stones
Aim: an ice beast The stone arrow hits the ice beast.
The ice beast barely misses you.
Aim: an ice beast (moderately wounded)
The stone arrow hits the ice beast!
The ice beast hits you. The ice beast freezes you. You resist.
You don't have enough magic to cast that spell.
You hit the ice beast but do no damage. The ice beast hits you.
The ice beast freezes you. You resist.
* * * LOW HITPOINT WARNING * * *
The ice beast hits you but does no damage.
You barely miss the ice beast. The ice beast misses you.
You closely miss the ice beast. The ice beast hits you.
* * * LOW HITPOINT WARNING * * *
The ice beast freezes you. You resist.
* * * LOW HITPOINT WARNING * * *
You hit the ice beast.
The ice beast hits you but does no damage. x2
You hit the ice beast but do no damage. The ice beast hits you.
* * * LOW HITPOINT WARNING * * *
The ice beast freezes you! You resist.
* * * LOW HITPOINT WARNING * * *
Aim: an ice beast (severely wounded)
The stone arrow misses the ice beast.
The stone arrow misses the orc.
The ice beast hits you.
* * * LOW HITPOINT WARNING * * *
The ice beast freezes you. You resist.
* * * LOW HITPOINT WARNING * * *
Okay, then.
There is an open door here.
You see here a leopard gecko corpse.
Okay, then.
As you read the scroll labeled TIEXKA KERA, it crumbles to dust.
It is a scroll of amnesia.
Okay, then.
The ice beast hits you.
* * * LOW HITPOINT WARNING * * *
The ice beast freezes you. You resist.
You die...

.......................#
<.......##......##.....#
........#######'##.....#
................##..[..#
#.......##......##.....#
#'########.............#
#.......#####'####.....#
#.......##......##o....#
#.............<>@Y.....#
#...>..........)########
#...............##.....#
#.....####.##...##.....#
#'########.#######.....#
.......#.........#.....#
.......#.........#.....#
.......#.........'.....#
.####'##........##.....#


You could see an ice beast and an orc.

Vanquished Creatures
  A water moccasin skeleton (D:3)
  2 crimson imps (D:5)
  2 hounds (D:4)
  An iguana (D:3)
  A howler monkey skeleton (D:4)
  3 adders
  An ooze (D:1)
  2 worms (D:2)
  A dart slug (D:1)
  4 leopard geckos
  8 orcs
  6 bats
  7 giant cockroaches
  8 goblins
  2 hobgoblins (D:1)
  10 jackals
  5 kobolds
  2 quokkas
  4 ball pythons
  6 frilled lizards
  7 rats
83 creatures vanquished.

Notes
Turn   | Place    | Note
-------+----------+-------------------------------------------
     0 | D:1      | MalarOregon the Ghoul Earth Elementalist began the quest
                  | for the Orb.
     0 | D:1      | Reached XP level 1. HP: 14/14 MP: 2/2
   374 | D:1      | Reached XP level 2. HP: 14/20 MP: 0/4
   643 | D:1      | Reached XP level 3. HP: 26/26 MP: 3/5
   647 | D:1      | Learned a level 2 spell: Passwall
   651 | D:1      | Learned a level 3 spell: Stone Arrow
   716 | D:1      | Reached skill level 4 in Earth Magic
   732 | D:1      | Reached skill level 1 in Transmutations
  1102 | D:1      | You fall through a shaft!
  1585 | D:2      | Found a deep blue altar of Sif Muna.
  1718 | D:2      | Reached XP level 4. HP: 33/33 MP: 6/6
  1959 | D:3      | Reached skill level 1 in Conjurations
  2365 | D:3      | Reached XP level 5. HP: 38/38 MP: 4/8
  3109 | D:3      | Learned a level 4 spell: Petrify
  3226 | D:3      | Reached skill level 5 in Earth Magic
  3452 | D:4      | Reached XP level 6. HP: 45/45 MP: 3/9
  3598 | D:4      | Found a sparkling altar of Nemelex Xobeh.
  3798 | D:5      | Entered Level 5 of the Dungeon
  4152 | D:5      | Noticed a phantom
  4209 | D:5      | Noticed an ice beast
  4279 | D:4      | HP: 1/45 [ice beast (4)]
  4279 | D:4      | Slain by an ice beast

Skill      XL: |  1  2  3  4  5  6 |
---------------+-------------------+-----
Spellcasting   | 2 3 |  3.2
Earth Magic    | 4 5 |  5.0
Transmutations | 1 |  1.0
Conjurations   | 1 2 3 |  3.2
Dodging        | |  1.7
Stealth        | |  2.1

Action                   |  1- 3 |  4- 6 || total
-------------------------+-------+-------++-------
Melee: Unarmed           |    83 |    94 ||   177
       Dire flail        |       |     5 ||     5
 Cast: Sandblast         |    38 |    81 ||   119
       Stone Arrow       |     6 |    20 ||    26
  Use: Scroll            |       |     1 ||     1
 Stab: Sleeping          |       |     1 ||     1
  Eat: Chunk             |    12 |    11 ||    23
Armor: Robe              |    11 |    30 ||    41
Dodge: Dodged            |    51 |    74 ||   125
